 Dungeon Sprint DCSS version 0.29-a0-359-g541a27f54d (webtiles) character file.

Game seed: 2166485970577691919

6717 Zeldest the Brawler (level 10, -11/113 HPs)
             Began as a Troll Fighter on Apr 27, 2022.
             Was a Believer of Jiyva.
             Mangled by an orc warrior
             ... wielding a +0 halberd
              (28 damage)
             ... in the Dungeon (Sprint IX: "|||||||||||||||||||||||||||||").
             The game lasted 00:03:37 (586 turns).

Zeldest the Brawler (Troll Fighter)                  Turns: 586, Time: 00:03:38

Health: -11/113    AC:  5    Str: 33    XL:     10   Next: 74%
Magic:  9/9        EV: 12    Int:  4    God:    Jiyva [**....]
Gold:   12         SH: 10    Dex:  9    Spells: 9/9 levels left

rFire   . . .      SeeInvis .     - Unarmed
rCold   . . .      Faith    .   f - +0 kite shield
rNeg    . . .      Spirit   .   q - +0 robe
rPois   .          Reflect  .   (helmet restricted)
rElec   .          Harm     .   a - +0 cloak
rCorr   +          Rampage  .   (gloves unavailable)
Will    .....      NoTele   +   (boots unavailable)
Stlth   +.........              (no amulet)
HPRegen 2.04/turn               m - +3 ring of strength
MPRegen 0.41/turn               n - +2 ring of evasion

@: no status effects
A: large, unfitting armour, claws 3, regeneration 1, shaggy fur 1, tough skin 1
a: Renounce Religion


You were in the Dungeon.
You worshipped Jiyva.
Jiyva was pleased with you.
You visited 1 branch You collected 12 gold pieces.

Inventory:

Hand Weapons
 b - a +4 scimitar of flaming
Armour
 a - a +0 cloak (worn)
 f - a +0 kite shield (worn)
 q - a +0 robe (worn)
Jewellery
 m - a +3 ring of strength (left claw)
 n - a +2 ring of evasion (right claw)
Wands
 l - a wand of iceblast (10)
Scrolls
 c - 3 scrolls of identify
 i - 3 scrolls of blinking
 j - a scroll of fog
 k - 2 scrolls of amnesia
 o - 2 scrolls of fear
Potions
 d - 8 potions of curing
 e - 4 potions of heal wounds
 g - 4 potions of magic
 h - 2 potions of berserk rage
 p - a potion of attraction


   Skills:
 + Level 11.0 Fighting
 + Level 4.1 Armour
 + Level 4.9 Dodging
 + Level 11.0 Shields
 * Level 17.6 Unarmed Combat


You had 9 spell levels left.
You didn't know any spells.
Your spell library contained the following spells:

 Spells                   Type           Power      Damage    Failure   Level
 Sandblast                Erth           0%         2d4       71%         1
 Passwall                 Tmut/Erth      0%         N/A       83%         2
 Stone Arrow              Conj/Erth      0%         3d7       97%         3


Dungeon Overview and Level Annotations

Branches:
Dungeon (1/1)

Altars:
Cheibriados
Dithmenos
Elyvilon
Fedhas
Gozag
Hepliaklqana
Kikubaaqudgha
Makhleb
Nemelex Xobeh
Okawaru
Qazlal
Ru
Sif Muna
Trog
Uskayaw
Vehumet
Wu Jian
Xom
Yredelemnul
Zin
The Shining One
Beogh
Jiyva
Lugonu


Innate Abilities, Weirdness & Mutations

You are too large for most types of armour.
You have claws for hands.
Your natural rate of healing is unusually fast.
You are covered in fur. (AC +1)
You have tough skin. (AC +1)


Message History

Something barely misses you.
There is an open door to the Orcish Mines here.
You miss something. You miss something. Something hits you.
The orc priest calls down the wrath of Beogh upon you.
Beogh smites you!
You hear a shout!
You barely miss something.
The orc priest looks satisfied for a moment.
Something hits you.
You scratch something but do no damage. Something hits you.
The orc knight roars a battlecry!
The orcs go into a battle-frenzy!
You closely miss something. You miss something. You block something's attack.
Okay, then.
Okay, then.
You claw something! Something hits you.
You mangle something!!
Reactivating autopickup.
You feel a bit more experienced.
You closely miss the orc knight. You mangle the orc knight!!
The orc knight is heavily wounded.
The orc knight hits you with a +0 dire flail!!
The orc warrior hits you from afar with a +0 halberd!
You claw the orc knight!
The orc knight is heavily wounded.
You block the orc knight's attack.
The orc warrior hits you from afar with a +0 halberd!!
You barely miss the orc knight.
The orc knight is heavily wounded.
The orc knight misses you.
The orc warrior hits you from afar with a +0 halberd!!
* * * LOW HITPOINT WARNING * * *
You feel much better.
The orc knight hits you with a +0 dire flail!!
* * * LOW HITPOINT WARNING * * *
The orc warrior hits you from afar with a +0 halberd!!
You die...

_____________'.....)....)'...<▓
▓▓▓▓▓▓▓▓▓▓▓▓▓▓▓▓▓▓▓▓▓▓▓▓▓▓▓▓▓▓▓
..............................▓
▓▓▓▓▓▓▓▓▓▓▓▓▓▓▓▓▓▓▓▓▓▓▓▓▓▓▓▓▓.▓
.......††......[......'.......▓
▓▓▓▓▓▓▓▓▓▓▓▓▓▓▓▓▓▓▓▓▓▓▓▓▓▓▓▓▓▓▓
..)...........................▓
▓▓▓▓▓▓▓▓▓▓▓▓▓▓▓▓▓▓▓▓▓▓▓▓▓▓▓▓▓.▓
.oooooo@.............▓
▓▓▓▓▓▓▓▓▓▓▓▓▓▓▓▓▓▓▓▓▓▓


You could see an orc knight, 2 orc warriors, 2 orc priests and an orc (strong).

Vanquished Creatures
  2 centaur warriors (D)
  A deep elf pyromancer (D)
  2 black mambas (D)
  A cane toad (D)
  Psyche (D)
  A rime drake (D)
  A rime drake (shapeshifter) (D)
  2 polar bears (D)
  A troll (D)
  A dream sheep (D)
  2 yaks (D)
  2 vampire mosquitoes (D)
  2 wargs (D)
  A hell hound (D)
  2 orc warriors (D)
  4 water moccasins (D)
  An ogre (D)
  8 wolves (D)
  A centaur (D)
  A phantom (D)
  2 kobold brigands (D)
  3 bullfrogs (D)
  A hound (D)
  2 orc wizards (D)
  An ufetubus (D)
  A bat (D)
  2 endoplasms (D)
  A ball python (D)
  A kobold (D)
51 creatures vanquished.

Vanquished Creatures (others)
  2 great orbs of eyes (D)
  A glowing orange brain (D)
  A wizard (D)
  A yaktaur (D)
  A slime creature (D)
  A jelly (D)
7 creatures vanquished.

Grand Total: 58 creatures vanquished

Notes
Turn   | Place    | Note
-------+----------+-------------------------------------------
     0 | D        | Zeldest the Troll Fighter began the quest for the Orb.
     0 | D        | Reached XP level 1. HP: 22/22 MP: 0/0
    14 | D        | Reached skill level 3 in Unarmed Combat
    20 | D        | Noticed a hound
    20 | D        | Noticed an orc wizard
    20 | D        | Noticed an ogre
    20 | D        | Noticed a phantom
    28 | D        | Killed a phantom
    29 | D        | Reached skill level 6 in Unarmed Combat
    29 | D        | Reached XP level 2. HP: 20/32 MP: 1/1
    29 | D        | Reached XP level 3. HP: 24/39 MP: 2/2
    29 | D        | Reached XP level 4. HP: 30/48 MP: 3/3
    31 | D        | Killed an ogre
    32 | D        | Reached skill level 5 in Fighting
    32 | D        | Reached skill level 5 in Shields
    32 | D        | Reached skill level 7 in Unarmed Combat
    32 | D        | Reached XP level 5. HP: 34/57 MP: 4/4
    36 | D        | Reached skill level 8 in Unarmed Combat
    45 | D        | Found a snail-covered altar of Cheibriados.
    45 | D        | Found a shadowy altar of Dithmenos.
    45 | D        | Found a white marble altar of Elyvilon.
    45 | D        | Found a blossoming altar of Fedhas.
    45 | D        | Found an opulent altar of Gozag.
    46 | D        | Found a hazy altar of Hepliaklqana.
    47 | D        | Found a viscous altar of Jiyva.
    48 | D        | Found an ancient bone altar of Kikubaaqudgha.
    49 | D        | Found a corrupted altar of Lugonu.
    50 | D        | Found a burning altar of Makhleb.
    51 | D        | Found a sparkling altar of Nemelex Xobeh.
    52 | D        | Found an iron altar of Okawaru.
    53 | D        | Found a stormy altar of Qazlal.
    54 | D        | Found a sacrificial altar of Ru.
    55 | D        | Became a worshipper of Jiyva Juucoino the Shapeless
    55 | D        | Killed a wizard
    56 | D        | Found a shimmering blue altar of Sif Muna.
    57 | D        | Found a bloodstained altar of Trog.
    58 | D        | Found a hide-covered altar of Uskayaw.
    59 | D        | Found a radiant altar of Vehumet.
    60 | D        | Found an ornate altar of the Wu Jian Council.
    60 | D        | Killed a slime creature
    61 | D        | Found a shimmering altar of Xom.
    61 | D        | Killed a yaktaur
    62 | D        | Found a basalt altar of Yredelemnul.
    63 | D        | Found a glowing silver altar of Zin.
    64 | D        | Found a glowing golden altar of the Shining One.
    65 | D        | Killed a great orb of eyes
    71 | D        | Killed a glowing orange brain
    72 | D        | Killed a great orb of eyes
    92 | D        | Noticed an orc warrior
    92 | D        | Noticed a vampire mosquito
    92 | D        | Noticed a centaur
    92 | D        | Noticed an orc warrior
    96 | D        | Killed an orc warrior
    97 | D        | Reached skill level 9 in Unarmed Combat
    97 | D        | Reached XP level 6. HP: 67/67 MP: 5/5
    98 | D        | Reached skill level 10 in Unarmed Combat
   104 | D        | Killed a vampire mosquito
   105 | D        | Reached skill level 11 in Unarmed Combat
   105 | D        | Reached XP level 7. HP: 72/76 MP: 6/6
   116 | D        | Noticed a blink frog
   116 | D        | Noticed a deep elf pyromancer
   116 | D        | Noticed a vampire mosquito
   116 | D        | Noticed a centaur warrior
   116 | D        | Noticed a centaur warrior
   116 | D        | Noticed a troll
   120 | D        | Killed a troll
   121 | D        | Reached skill level 12 in Unarmed Combat
   126 | D        | Killed a centaur warrior
   126 | D        | Noticed a rime drake
   126 | D        | a blink frog changed into a rime drake
   127 | D        | Reached skill level 13 in Unarmed Combat
   127 | D        | Reached XP level 8. HP: 76/89 MP: 7/7
   129 | D        | Killed a centaur warrior
   130 | D        | Reached skill level 14 in Unarmed Combat
   130 | D        | Reached XP level 9. HP: 64/98 MP: 8/8
   133 | D        | Killed a deep elf pyromancer
   134 | D        | Reached skill level 15 in Unarmed Combat
   140 | D        | Killed a rime drake
   216 | D        | Reached * piety under Jiyva
   291 | D        | Noticed a polar bear
   297 | D        | Killed a polar bear
   299 | D        | Noticed a black mamba
   300 | D        | Reached skill level 10 in Fighting
   300 | D        | Reached skill level 10 in Shields
   300 | D        | Reached skill level 16 in Unarmed Combat
   319 | D        | Killed a black mamba
   320 | D        | Reached skill level 1 in Armour
   320 | D        | Reached XP level 10. HP: 106/111 MP: 9/9
   329 | D        | Noticed a cane toad
   329 | D        | Noticed a black mamba
   337 | D        | Killed a black mamba
   346 | D        | Killed a cane toad
   347 | D        | Reached skill level 17 in Unarmed Combat
   407 | D        | Reached ** piety under Jiyva
   466 | D        | Noticed Erica
   467 | D        | Noticed Psyche
   488 | D        | Noticed Erica
   489 | D        | Killed Erica the dream sheep
   495 | D        | Killed Psyche
   572 | D        | Noticed an orc knight
   586 | D        | Mangled by an orc warrior

Illustrated notes

Levels and vault maps discovered:
D:        linesprint [early_d, line_temple, items_1, d_10, items_2, lair_1,
          lair_end, items_3, orc_1, orc_end, items_4, d_15, swamp_1, shoals_1,
          snake_1, spider_1, d_20, vaults_1, items_5, swamp_end, shoals_end,
          snake_end, spider_end, vaults_end, d_27, items_6, zot_1, zot_end,
          crypt_end, forest_end, elf_end, slime_end, tomb_end, abyss_end,
          pan_hell_end]

Skill      XL: |  1  2  3  4  5  6  7  8  9 10 |
---------------+-------------------------------+-----
Unarmed Combat | 6 7 9 11 13 14 16 17 | 17.6
Fighting       | 4 5 6 8 9 10 11 | 11.0
Shields        | 4 5 6 8 9 10 11 | 11.0
Armour         | 1 4 |  4.1
Dodging        | 3 4 |  4.9

Action                   |  1- 3 |  4- 6 |  7- 9 | 10-12 || total
-------------------------+-------+-------+-------+-------++-------
Melee: Unarmed           |    18 |    20 |    56 |    81 ||   175
  Use: Potion            |       |     2 |       |     6 ||     8
 Stab: Invisible         |       |     1 |     1 |       ||     2
Armor: Robe              |     4 |     3 |     7 |     6 ||    20
Dodge: Dodged            |     4 |     6 |    22 |    12 ||    44
Block: Kite shield       |     1 |     7 |    17 |    22 ||    47

Table legend: (Time is in decaauts)
 A = Elapsed time spent in this place.
 B = Non-inter-level travel time spent in this place.
 C = Inter-level travel time spent in this place.
 D = Time resting spent in this place.
 E = Time spent auto-exploring this place.
 F = Levels seen in this place.
 G = Mean time per level.
                   A        B        C        D        E       F      G
               +--------+--------+--------+--------+--------+-----+--------+
         Total |    594 |    594 |      0 |      0 |      0 |   1 |  594.0 |
       Dungeon |    594 |    594 |      0 |      0 |      0 |   1 |  594.0 |
               +--------+--------+--------+--------+--------+-----+--------+

Top non-repeatable levels by time:
       D: 594 daAuts
